 Dungeon Crawl Stone Soup version 0.18.1-47-g9310371 (webtiles) character file.

427 spiff the Chopper (level 6, 32/58 HPs)
             Began as a Deep Dwarf Fighter on June 19, 2016.
             Quit the game on level 4 of the Dungeon.
             The game lasted 00:06:55 (2127 turns).

spiff the Chopper (Deep Dwarf Fighter)              Turns: 2127, Time: 00:06:55

Health: 32/58      AC:  4    Str: 22    XL:     6   Next: 65%
Magic:  6/6        EV:  8    Int:  8    God:
Gold:   119        SH:  9    Dex: 12    Spells: 0 memorised, 5 levels left

rFire  . . .     SeeInvis .     a - +0 war axe
rCold  + . .     Gourm    .     r - +1 leather armour {rC+}
rNeg   . . .     Faith    .     c - +0 shield
rPois  .         Spirit   .     (no helmet)
rElec  .         Dismiss  .     (no cloak)
rCorr  .         Reflect  .     (no gloves)
SustAt .         Harm     .     (no boots)
MR     .....                    (no amulet)
Stlth  +.........               (no ring)
                                (no ring)

@: non-regenerating, not resistant to hostile enchantments, very unstealthy
A: damage resistance, recharge devices, sense surroundings 1, slow regeneration
3
a: Device Recharging


You were on level 4 of the Dungeon.
You were not hungry.

You visited 1 branch of the dungeon, and saw 4 of its levels.

You collected 119 gold pieces.

Inventory:

Hand Weapons
 a - a +0 war axe (weapon)
 w - a +0 blowgun
Missiles
 x - 54 poisoned needles
Armour
 c - a +0 shield (worn)
 r - a +1 leather armour of cold resistance (worn)
Jewellery
 j - an uncursed ring of loudness
Wands
 e - a wand of heal wounds (0/9)
Scrolls
 s - a scroll of remove curse
 u - a scroll of fog
Potions
 d - a potion of flight {unknown}
 g - 2 potions of might
 i - a potion of mutation {unknown}
 k - 2 potions of degeneration
 n - a potion of ambrosia {unknown}
 o - 2 potions of cancellation {unknown}
 p - a potion of resistance {unknown}
Comestibles
 b - 7 chunks of flesh
 f - 4 bread rations
 h - a slice of pizza
 l - 2 fruits
 m - 2 beef jerkies
 q - a meat ration


   Skills:
 + Level 4.6 Fighting
 - Level 6.4 Axes
 - Level 3.2 Armour
 - Level 3.2 Shields


You had 5 spell levels left.
You didn't know any spells.

Dungeon Overview and Level Annotations

Branches:
Dungeon (4/15)
 Temple: D:4-7

Altars:
Ashenzari


Innate Abilities, Weirdness & Mutations

You are resistant to damage.
You can recharge devices by infusing magical energy.
You passively map a small area around you.
You do not regenerate naturally.


Message History

You closely miss the orc wizard.
The orc wizard hits you but does no damage.
You slash the orc wizard!
The orc wizard is severely wounded.
You block the orc wizard's attack. The orc wizard closely misses you.
Your shield prevents you from hitting the orc wizard.
The orc wizard is severely wounded.
The orc wizard barely misses you.
You barely miss the orc wizard.
The orc wizard is severely wounded.
The orc wizard hits you with a dagger.
You hit the orc wizard.
You kill the orc wizard!
Items here: )) [[ † a dagger; a robe; a dagger; a robe; an orc corpse You butcher the orc corpse.
b - 7 chunks of flesh (gained 4)
Items here: )) [[ a dagger; a robe; a dagger; a robe Are you sure you want to abandon this character and quit the game? (Confirm with "yes".)

* *
..................... ,
#.......o........### # *
.#...?..).....#...##*.#,
*
........###........##$#.
*
.....o#.###......#....#.
, ,
<.....#..###............
......##)..#..)....#...#
,
........)..........#...
.(....#@##.........#.###
..... #.###.............
#... #..###............
, ###
,##.###..#.###..... * ,
#..........#.##.. * *
##).............#
...............###
####...........##
####...........####


There were no monsters in sight!

Vanquished Creatures
  2 ogres
  3 orc wizards (D:4)
  A worker ant (D:4)
  A hound skeleton (D:4)
  5 adders
  3 oozes
  A worm (D:4)
  5 dart slugs
  3 giant geckos
  3 orcs
  6 giant cockroaches
  6 goblins
  4 hobgoblins
  3 jackals (D:1)
  4 kobolds
  A quokka (D:2)
  3 bats
  2 giant newts (D:2)
  19 rats
75 creatures vanquished.

Vanquished Creatures (others)
  A bat (D:2)
1 creature vanquished.

Grand Total: 76 creatures vanquished

Notes
Turn   | Place    | Note
--------------------------------------------------------------
     0 | D:1      | spiff the Deep Dwarf Fighter began the quest for the Orb.
     0 | D:1      | Reached XP level 1. HP: 20/20 MP: 1/1
   126 | D:1      | Reached skill level 3 in Axes
   126 | D:1      | Reached XP level 2. HP: 25/27 MP: 2/2
   572 | D:2      | Reached XP level 3. HP: 28/33 MP: 3/3
   601 | D:2      | Reached skill level 4 in Axes
   833 | D:2      | Found a shattered altar of Ashenzari.
   876 | D:2      | Reached XP level 4. HP: 12/40 MP: 4/4
  1275 | D:3      | Reached skill level 5 in Axes
  1638 | D:3      | Noticed an ogre
  1719 | D:3      | Killed an ogre
  1719 | D:3      | Reached skill level 6 in Axes
  1719 | D:3      | Reached XP level 5. HP: 26/46 MP: 5/5
  1936 | D:4      | Noticed an ogre
  1980 | D:4      | Killed an ogre
  1980 | D:4      | Reached XP level 6. HP: 48/57 MP: 6/6
  2127 | D:4      | Quit the game

Skill      XL: |  1  2  3  4  5  6 |
---------------+-------------------+-----
Axes           | 3 4 6 |  6.4
Fighting       | 3 4 |  4.6
Armour         | |  3.2
Shields        | |  3.2

Action                   |  1- 3 |  4- 6 || total
-------------------------+-------+-------++-------
Melee: War axe           |   125 |   114 ||   239
 Fire: Blowgun           |       |    23 ||    23
Evoke: Wand              |       |     5 ||     5
  Use: Scroll            |     3 |     3 ||     6
       Potion            |       |     1 ||     1
 Stab: Sleeping          |       |     1 ||     1
  Eat: Chunk             |       |     4 ||     4
Armor: Scale mail        |    59 |     6 ||    65
       Leather armour    |       |    24 ||    24
Dodge: Dodged            |    35 |    37 ||    72
Block: Shield            |    62 |    66 ||   128
